AoeStats
← kkkg

Fortress

507271736Analyzed
4v4 RM · 15d ago on Sep 17, 2026· 27m 26s· 8 players
Game mode
Random Map
Map size
Huge
Population
200
Speed
Normal
Resources
Standard
Victory
Conquest
Starting age
Dark Age
Ending age
Imperial Age
RankedLock teamsTeams togetherTeam positionsShared explorationLock speedFull tech treeHidden civsTurbo modeCheats
Victory
Defeat
🇨🇳 Burgundians · China
969
+16
🇦🇺 Mongols · Australia
933
+17
🇨🇳 Burgundians · China
923
+17
🇨🇳 Italians · China
890
+19
🇨🇳 Spanish · China
990
-19
🇸🇪 Koreans · Sweden
976
-18
🇫🇷 Persians · France
949
-49
🇳🇵 Tatars · Nepal
912
-15
ridiculous
7:25 Feudal Age
9:59 Loom
12:43 Castle Age
10:38 Double-Bit Axe
10:38 Horse Collar
15:20 Bow Saw
20:05 Wheelbarrow
22:36 Gold Mining
24:29 Town Watch
25:21 Ballistics
27:53 Imperial Age
25:36 Padded Archer Armor
27:03 Thumb Ring
27:20 Leather Archer Armor
26:57 Fletching
27:12 Stone Mining
27:58 Gold Shaft Mining
28:08 Gold Shaft Mining
27:55 Husbandry
28:06 Bloodlines
巅峰繁唐
2:24 Double-Bit Axe
2:45 Horse Collar
8:43 Feudal Age
12:18 Castle Age
10:33 Bow Saw
10:41 Heavy Plow
11:32 Wheelbarrow
14:00 Two-Man Saw
17:23 Burgundian Vineyards
20:30 Crop Rotation
23:51 Hand Cart
24:23 Husbandry
24:38 Scale Barding Armor
24:43 Forging
27:16 Chain Barding Armor
27:31 Iron Casting
素
7:45 Feudal Age
13:09 Castle Age
11:59 Fletching
15:15 Double-Bit Axe
15:38 Horse Collar
17:24 Bow Saw
17:59 Gold Mining
19:31 Heavy Plow
22:35 Bloodlines
22:30 Padded Archer Armor
23:17 Wheelbarrow
24:23 Light Cavalry
27:53 Imperial Age
26:12 Thumb Ring
kkkg
3:11 Double-Bit Axe
6:28 Horse Collar
9:11 Feudal Age
9:55 Gold Mining
14:31 Castle Age
13:18 Heavy Plow
13:32 Bow Saw
18:22 Wheelbarrow
20:05 Two-Man Saw
21:10 Hand Cart
27:13 Imperial Age
25:39 Gold Shaft Mining
24:55 Stone Mining
26:16 Burgundian Vineyards
27:41 Scale Barding Armor
27:47 Forging
KANO9387
5:16 Feudal Age
17:54 Castle Age
16:42 Wheelbarrow
17:09 Bloodlines
27:54 Imperial Age
25:46 Husbandry
27:20 Forging
snowttle
2:46 Loom
7:52 Feudal Age
11:42 Castle Age
10:39 Double-Bit Axe
14:07 Wheelbarrow
16:21 Horse Collar
16:57 Fletching
18:37 Bow Saw
20:07 Hand Cart
21:49 Heavy Plow
21:42 Gold Mining
24:57 Scale Barding Armor
25:37 Pikeman
村中一匹狼
3:38 Loom
7:40 Feudal Age
8:06 Double-Bit Axe
8:07 Horse Collar
13:51 Castle Age
15:02 Wheelbarrow
15:15 Bow Saw
15:47 Heavy Plow
16:21 Loom
18:12 Hand Cart
21:12 Fervor
22:08 Town Watch
25:08 Stone Mining
25:09 Gold Mining
Patches
9:07 Feudal Age
9:19 Loom
13:03 Castle Age
12:31 Fletching
13:11 Scale Mail Armor
13:03 Fletching
13:06 Double-Bit Axe
14:33 Wheelbarrow
15:15 Bow Saw
18:26 Pikeman
22:05 Hand Cart
21:50 Horse Collar
24:00 Bodkin Arrow
28:59 Imperial Age
Connection lost

Rejoining the realm…

Still unreachable

The connection could not be restored.

Session expired

The server has moved on; the page needs a fresh start.